 Dungeon Crawl Stone Soup version 0.27.0-1-g7a089689b8 (webtiles) character file.

Game seed: 11381316106371339373

3467 Spaninq the Basher (level 9, -5/79 HPs)
             Began as a Minotaur Necromancer on Aug 2, 2021.
             Was an Initiate of Gozag.
             Slain by an orc warrior (8 damage)
             ... in a bailey.
             The game lasted 00:22:08 (8983 turns).

Spaninq the Basher (Minotaur Necromancer)           Turns: 8983, Time: 00:22:09

Health: -5/79      AC: 16    Str: 26    XL:     9   Next: 78%
Magic:  10/10      EV:  9    Int: 14    God:    Gozag
Gold:   782        SH:  5    Dex: 11    Spells: 9/10 levels left

rFire    . . .     SeeInvis .   e - +2 whip (venom)
rCold    . . .     Faith    .   (no shield)
rNeg     . . .     Spirit   .   m - +0 plate armour
rPois    .         Reflect  +   (helmet restricted)
rElec    .         Harm     .   d - +0 cloak
rCorr    .         Rampage  .   (no gloves)
Will     .....                  k - +1 pair of boots
Stlth    ..........             a - amulet "Nouch" {Reflect Str+4 Int+2 SH+5}
HPRegen  0.23/turn              l - +6 ring of strength
MPRegen  0.12/turn              (no ring)

@: on berserk cooldown, slowed, very slow
A: horns 2, retaliatory headbutt
a: Renounce Religion, Potion Petition, Call Merchant, Bribe Branch


You were in a bailey.
You worshipped Gozag.
Gozag was pleased with you.
You visited 1 branch of the dungeon, and saw 7 of its levels.
You also visited: Bailey.

You collected 1690 gold pieces.
You paid 908 gold pieces to Gozag.

Inventory:

Hand Weapons
 e - a +2 whip of venom (weapon)
 t - a +0 morningstar of draining
Missiles
 b - a throwing net
Armour
 d - a +0 cloak (worn)
 k - a +1 pair of boots (worn)
 m - a +0 plate armour (worn)
Jewellery
 a - the amulet "Nouch" (around neck) {Reflect Str+4 Int+2 SH+5}
   (You acquired it on level 5 of the Dungeon)

   [amulet of reflection]

   It reflects blocked missile attacks.
   Str:       It affects your strength (+4).
   Int:       It affects your intelligence (+2).
   SH:        It affects your SH (+5).
 l - a +6 ring of strength (left hand)
 p - a ring of magical power
Wands
 c - a wand of iceblast (7)
Scrolls
 g - a scroll of blinking
 h - 2 scrolls of teleportation
 n - a scroll of identify
Potions
 f - 3 potions of might
 i - 2 potions of haste
 j - 2 potions of curing
 o - 2 potions of flight
 q - a potion of brilliance {unknown}
 r - a potion of degeneration {unknown}
 s - 2 potions of ambrosia


   Skills:
 + Level 7.5 Fighting
 * Level 10.5 Maces & Flails
 + Level 7.2 Armour
 + Level 7.0 Dodging
 - Level 1.5 Stealth
 - Level 1.3 Spellcasting
 - Level 2.9 Necromancy


You had 9 spell levels left.
You knew the following spells:

 Your Spells              Type           Power      Damage    Failure   Level
a - Pain                  Necr           36%        1d5       65%         1

Your spell library contained the following spells:

 Spells                   Type           Power      Damage    Failure   Level
 Animate Skeleton         Necr           18%        N/A       65%         1
 Corpse Rot               Necr/Air       N/A        N/A       93%         2
 Vampiric Draining        Necr           4%         2d6       95%         3
 Magic Dart               Conj           0%         1d3       96%         1
 Poisonous Vapours        Pois/Air       0%         N/A       99%         2
 Searing Ray              Conj           0%         3d3       99%         2
 Animate Dead             Necr           4%         N/A       100%        4
 Fulminant Prism          Conj/Hex       0%         3d6       100%        4
 Agony                    Necr           9%         N/A       100%        5
 Freezing Cloud           Conj/Ice/Air   0%         6-21      100%        5


Dungeon Overview and Level Annotations

Branches:
Dungeon (7/15)             Temple (0/1) D:5          Bailey (1/1)

Altars:
Gozag
Hepliaklqana
Nemelex Xobeh
Qazlal
Wu Jian

Shops:
D:2 !

Annotations:
D:3 3 runed translucent doors, sasquatch's ghost, weakling DsBr
D:4 Grinder


Innate Abilities, Weirdness & Mutations

You have a pair of horns on your head.
You reflexively headbutt those who attack you in melee.


Message History

4 gold pieces; a +0 spear; a +0 chain mail The orc warrior is distracted by your dazzling golden aura.
You are starting to lose your buoyancy.
The orc warrior is no longer distracted by gold.
The orc warrior is distracted by your dazzling golden aura.
Things that are here:
4 gold pieces; a +0 spear; a +0 chain mail The orc warrior is no longer distracted by gold.
The orc warrior barely misses you.
The orc warrior is distracted by your dazzling golden aura.
The orc warrior hits you from afar with a +0 trident!
* * * LOW HITPOINT WARNING * * *
The orc warrior is no longer distracted by gold. [a] - 432 gold - heal wounds, curing and haste [b] - 806 gold - haste, resistance, curing and magic [c] - 364 gold - heal wounds, curing and berserk rage Purchase which effect?
You no longer have enough gold to fund merchants seeking to open stores in the dungeon.
You feel much better.
You feel better.
A red film seems to cover your vision as you go berserk!
You feel yourself moving faster!
You feel mighty!
You float gracefully downwards.
The orc warrior barely misses you.
You are too berserk!
You feel a strong urge to attack something.
You feel your anger nearly subside.
You are no longer berserk.
You are exhausted.
You feel yourself slow down. The orc warrior barely misses you.
The orc warrior hits you from afar with a +0 trident!
* * * LOW HITPOINT WARNING * * *
The orc warrior hits you from afar with a +0 trident!
* * * LOW HITPOINT WARNING * * *
The orc warrior barely misses you. You block the orc warrior's attack.
The orc warrior hits you from afar with a +0 trident!
* * * LOW HITPOINT WARNING * * *
The orc warrior hits you from afar with a +0 halberd!
You die...
Your body crumbles into a pile of gold.

#≈≈.≈≈....≈≈≈≈≈≈≈....
#≈≈.≈.....≈≈≈≈≈≈≈...
#≈≈.≈.....≈≈≈)≈≈≈..
#≈≈.≈.....≈≈≈.≈≈
#≈≈$≈.....≈≈≈)≈
#≈≈.≈.$...≈≈≈≈≈≈≈
#≈≈.≈≈$...≈≈≈≈≈≈≈.
#≈≈≈.≈o....≈≈≈≈≈..
#≈≈≈@≈≈o⌠..≈≈≈≈≈..
#≈≈≈≈.≈.o...≈≈≈...
#≈≈≈≈.≈≈≈.........
#≈≈≈≈≈..≈≈≈.....≈≈
#≈≈≈≈≈≈≈..≈≈≈.≈≈≈.
##≈≈≈≈≈≈≈≈.......≈
##≈≈≈≈≈≈≈≈≈≈≈≈≈≈≈
##≈≈≈≈≈≈≈≈≈≈≈≈≈≈
###############


You could see 3 orc warriors.

Vanquished Creatures
  A wraith (D:6)
  Eustachio (D:4)
  Duvessa (D:5)
  7 orc warriors (Bailey)
  2 black bears
  A necrophage (D:5)
  8 centaurs
  2 phantoms
  2 kobold brigands
  2 bullfrogs
  A scorpion (D:5)
  Dowan (D:5)
  A water moccasin skeleton (D:4)
  A jelly (D:5)
  A bullfrog zombie (D:5)
  2 centaur zombies (D:5)
  3 hounds (D:3)
  2 gnoll shamans (D:3)
  3 orc priests
  2 iguanas (D:5)
  3 orc wizards
  A hound skeleton (D:5)
  Robin (D:3)
  20 gnolls
  7 adders
  37 orcs
  9 endoplasms
  6 giant cockroaches
  13 goblins
  9 hobgoblins
  27 jackals
  7 kobolds
  A quokka (D:4)
  4 ball pythons
  5 bats
  11 frilled lizards
  A quokka skeleton (D:4)
  4 rats
210 creatures vanquished.

Vanquished Creatures (others)
  An orc (Bailey)
  26 plants
27 creatures vanquished.

Grand Total: 237 creatures vanquished

Notes
Turn   | Place    | Note
-------+----------+-------------------------------------------
     0 | D:1      | Spaninq the Minotaur Necromancer began the quest for the
                  | Orb.
     0 | D:1      | Reached XP level 1. HP: 14/14 MP: 1/1
    57 | D:1      | Found a faded altar of an unknown god.
    67 | D:1      | Became a worshipper of Gozag Ym Sagoz the Greedy
   191 | D:1      | Reached skill level 1 in Fighting
   366 | D:1      | Reached skill level 1 in Maces & Flails
   427 | D:1      | Reached XP level 2. HP: 23/23 MP: 3/3
   743 | D:1      | Reached skill level 2 in Maces & Flails
  1271 | D:2      | Reached XP level 3. HP: 29/29 MP: 4/4
  1639 | D:2      | Reached skill level 1 in Armour
  1691 | D:2      | Found Muratyuno's Distillery.
  1928 | D:2      | Reached XP level 4. HP: 28/37 MP: 5/5
  2200 | D:3      | Reached skill level 3 in Maces & Flails
  2264 | D:3      | Noticed a bullfrog
  2275 | D:3      | Killed a bullfrog
  2276 | D:3      | Reached XP level 5. HP: 35/42 MP: 6/6
  2408 | D:3      | HP: 1/44 [poisoned by a kobold brigand]
  2422 | D:3      | Reached skill level 4 in Maces & Flails
  2449 | D:3      | Reached XP level 6. HP: 23/51 MP: 7/7
  2954 | D:3      | Reached skill level 5 in Maces & Flails
  2980 | D:3      | You fall into a shaft and drop 1 floor!
  3442 | D:3      | Found a runed translucent gate.
  3442 | D:3      | Found a runed translucent gate.
  3442 | D:3      | Found a runed translucent gate.
  3443 | D:3      | Found an opulent altar of Gozag.
  3445 | D:3      | Noticed sasquatch's ghost (weakling DsBr)
  3527 | D:3      | Found a hazy altar of Hepliaklqana.
  3931 | D:3      | Reached XP level 7. HP: 52/58 MP: 8/8
  3984 | D:3      | Noticed Robin
  4012 | D:3      | Killed Robin
  4329 | D:3      | Reached skill level 6 in Maces & Flails
  5354 | D:4      | Noticed Eustachio
  5404 | D:4      | Killed Eustachio
  5405 | D:4      | Reached skill level 7 in Maces & Flails
  5593 | D:4      | Noticed Grinder
  5783 | D:4      | Reached skill level 5 in Fighting
  5783 | D:4      | Reached XP level 8. HP: 66/68 MP: 9/9
  6196 | D:5      | Entered Level 5 of the Dungeon
  6315 | D:5      | Reached skill level 5 in Dodging
  6330 | D:5      | Identified a scroll of acquirement
  6330 | D:5      | Acquired the amulet "Nouch" {Reflect Str+4 Int+2 SH+5}
  6343 | D:5      | Noticed Duvessa
  6354 | D:5      | Killed Duvessa
  6354 | D:5      | Noticed Dowan
  6355 | D:5      | Reached skill level 5 in Armour
  6370 | D:5      | Killed Dowan
  6442 | D:5      | Reached skill level 8 in Maces & Flails
  6544 | D:5      | Found a staircase to the Ecumenical Temple.
  7178 | D:6      | Found a stormy altar of Qazlal.
  7235 | D:6      | Found an ornate altar of the Wu Jian Council.
  7364 | D:6      | Reached skill level 9 in Maces & Flails
  7364 | D:6      | Reached XP level 9. HP: 67/75 MP: 10/10
  7541 | D:6      | Found a sparkling altar of Nemelex Xobeh.
  7692 | D:7      | Found a flagged portal.
  7734 | Bailey   | Entered a bailey
  8560 | Bailey   | Reached skill level 10 in Maces & Flails
  8982 | Bailey   | HP: 2/79 [orc warrior (11)]
  8983 | Bailey   | Slain by an orc warrior

Illustrated notes

Levels and vault maps discovered:
D:1:      dpeg_arrival_rhombi, layout_loops_ring,
          hellmonk_ecumenical_altar_pennies_from_heaven
D:2:      layout_basic, serial_shops, nicolae_shop_trees
D:3:      lemuel_castle_with_subvaults [lemuel_castle_interior_carwin_2],
          layout_basic, mainiacjoe_overflow_six_doors_small,
          ebering_ghost_gozag, minmay_lizard_king, uniq_robin
D:4:      layout_layer_cave, lexackson_kobold_supper, uniq_eustachio,
          uniq_grinder
D:5:      layout_gridville, temple_pool_b, uniq_duvessa
D:6:      layout_rooms, nemelex_diamond_rough_becter,
          mainiacjoe_overflow_catwalk, lemuel_coloured_pillars_altar
D:7:      layout_loops_cross, mainiacjoe_overflow_alcove_1, enter_bailey_5
Bailey:   bailey_polearm_flooded_kennysheep, bailey

Skill      XL: |  1  2  3  4  5  6  7  8  9 |
---------------+----------------------------+-----
Fighting       | 1 2 3 5 6 7 |  7.5
Maces & Flails | 1 2 3 4 5 7 9 10 | 10.5
Armour         | 1 2 3 4 5 7 |  7.2
Dodging        | 3 4 6 7 |  7.0
Stealth        | |  1.5
Spellcasting   | |  1.3
Necromancy     | |  2.9

Action                   |  1- 3 |  4- 6 |  7- 9 || total
-------------------------+-------+-------+-------++-------
Melee: Mace              |    92 |   156 |    58 ||   306
       Unarmed           |     4 |       |       ||     4
       Headbutt          |     7 |    29 |    75 ||   111
       Morningstar       |       |       |    87 ||    87
       Whip              |       |       |   211 ||   211
 Cast: Pain              |     2 |       |       ||     2
Invok: Potion Petition   |       |     1 |     3 ||     4
  Use: Potion            |       |     3 |     4 ||     7
       Scroll            |       |       |    11 ||    11
 Stab: Distracted        |       |     3 |     2 ||     5
       Invisible         |       |       |     2 ||     2
Armor: Ring mail         |    40 |    49 |    25 ||   114
       Chain mail        |       |       |    64 ||    64
       Plate armour      |       |       |    93 ||    93
Dodge: Dodged            |    62 |   109 |   196 ||   367
Block: Other             |       |       |    53 ||    53
